 Dungeon Crawl Stone Soup version 0.18.1-6-gd335043 (webtiles) character file.

1442 Hipnos the Covert (level 8, -4/50 HPs)
             Began as an Octopode Enchanter on May 16, 2016.
             Slain by a wight
             ... wielding a +1 falchion of electrocution
              (15 damage)
             ... on level 6 of the Dungeon.
             The game lasted 00:13:46 (4243 turns).

Hipnos the Covert (Octopode Enchanter)              Turns: 4243, Time: 00:13:47

Health: -4/50      AC:  1    Str:  8    XL:     8   Next: 74%
Magic:  10/13      EV: 13    Int: 19    God:
Gold:   342        SH:  0    Dex: 12    Spells: 3 memorised, 8 levels left

rFire  . . .     SeeInvis .     t - +4 dagger (holy)
rCold  + . .     Gourm    .     (no shield)
rNeg   . . .     Faith    .     (helmet restricted)
rPois  .         Spirit   .     p - amulet of regeneration
rElec  .         Dismiss  .     (no ring)
rCorr  .         Reflect  .     j - ring of wizardry
SustAt .         Harm     .     d - ring of protection from cold
MR     .....                    (no ring)
Stlth  ++++++....               (no ring)
                                (no ring)
                                (no ring)
                                (no ring)

@: drained, not resistant to hostile enchantments, very stealthy
A: almost no armour, amphibious, 8 rings, constrict 8, camouflage 1, gelatinous
body 1
a: no special abilities


You were on level 6 of the Dungeon.
You were hungry.

You visited 1 branch of the dungeon, and saw 6 of its levels.

You collected 342 gold pieces.

Inventory:

Hand Weapons
 a - a +1 dagger
 t - a +4 dagger of holy wrath (weapon)
 y - a +1 mace of crushing
Jewellery
 d - a ring of protection from cold (on tentacle)
 j - a ring of wizardry (right tentacle)
 p - an amulet of regeneration (around mantle)
Wands
 e - a wand of slowing (35/48)
Scrolls
 i - a scroll of blinking
 q - a scroll of immolation {unknown}
 r - a scroll of recharging {unknown}
 s - a scroll of teleportation {unknown}
 u - 3 scrolls of identify
 w - a scroll of fear
 x - a scroll of noise {unknown}
Potions
 f - 2 potions of mutation {unknown}
 l - 2 potions of lignification {unknown}
 o - 3 potions of curing
 z - 2 potions of heal wounds
Books
 b - a book of Maledictions

   Spells                             Type                      Level
   a - Corona                         Hexes                        1
   b - Ensorcelled Hibernation        Hexes/Ice                    2
   c - Confuse                        Hexes                        3
   d - Tukima's Dance                 Hexes                        3
   e - Dazzling Spray                 Conjuration/Hexes            3
Comestibles
 c - 4 bread rations
 g - a slice of pizza
 h - 8 chunks of flesh
 k - 2 meat rations
 m - 4 beef jerkies
 n - 2 fruits


   Skills:
 + Level 2.2(1.5) Fighting
 - Level 2.2(1.5) Short Blades
 + Level 3.7(2.9) Dodging
 * Level 10.8(9.9) Stealth
 * Level 3.8(3.0) Spellcasting
 * Level 5.6(4.9) Hexes
 - Level 0.6(0.0) Ice Magic


You had 8 spell levels left.
You knew the following spells:

 Your Spells              Type           Power        Failure   Level  Hunger
a - Corona                Hex            ###....      1%          1    None
b - Ensorcelled Hibernat  Hex/Ice        ##....       4%          2    ##.....
c - Confuse               Hex            ###.....     3%          3    ###....


Dungeon Overview and Level Annotations

Branches:
Dungeon (6/15)
 Temple: D:4-7

Altars:
Okawaru
Pakellas


Innate Abilities, Weirdness & Mutations

You cannot wear most types of armour.
You are amphibious.
You can wear up to eight rings at the same time.
You can use your tentacles to constrict eight enemies at once.
Your skin changes colour to match your surroundings (Stealth).
Your rubbery body absorbs attacks (AC +1).


Message History

The wight is severely damaged.
You constrict the wight, but do no damage.
The wight hits you with a hand axe.
The wight hits you from afar with an enchanted trident!
You feel drained.
You release your grip on the wight.
You hit the wight.
The wight convulses.
You destroy the wight!
Casting: Ensorcelled Hibernation
Confirm with . or Enter, or press ? or * to list all spells.
Aiming: Confuse
Press: ? - help, Shift-Dir - straight line, f - wight
Aim: a wight, wielding a falchion of electrocution and wearing a robe (chance to defeat MR: 50%)
The wight appears confused.
You are feeling hungry.
The wight hits you from afar with an enchanted trident!
The wight hits you with a falchion of electrocution!
* * * LOW HITPOINT WARNING * * *
You are electrocuted!
You die...

###..###..#
#..........
##...#..###
#....#..#
#.##...... ⌠
##z##.......
# #zz#
#...... #
#z## ..... #
#@#
......######
#.#
#...........
#.#
#...##......
#.#
#.....###...
#.#
#..#.#.......
#.#
#.#.......#..
#..
............
..#
#.........)
..#
#......###.


You could see 4 wights.

Vanquished Creatures
  Sigmund (D:2)
  Edmund (D:6)
  An ice beast (D:5)
  2 ogres
  A centaur (D:5)
  A big kobold (D:6)
  A giant frog (D:6)
  A wight (D:6)
  A centaur zombie (D:5)
  A hound (D:5)
  A centaur skeleton (D:5)
  2 jellies (D:5)
  2 giant frog skeletons
  3 orc priests (D:3)
  5 worker ants (D:5)
  A hound zombie (D:6)
  2 worker ant zombies
  7 adders
  3 oozes
  An adder skeleton (D:4)
  4 worms
  A dart slug (D:3)
  3 giant geckos
  14 orcs
  7 giant cockroaches
  7 goblins
  4 hobgoblins
  11 kobolds
  A quokka (D:2)
  4 ball pythons
  A ball python zombie (D:5)
  7 bats
  5 giant newts
  2 jackal skeletons (D:6)
  10 rats
119 creatures vanquished.

Notes
Turn   | Place    | Note
--------------------------------------------------------------
     0 | D:1      | Hipnos the Octopode Enchanter began the quest for the Orb.
     0 | D:1      | Reached XP level 1. HP: 11/11 MP: 3/3
    92 | D:1      | Reached XP level 2. HP: 16/17 MP: 5/5
   298 | D:1      | Learned a level 2 spell: Ensorcelled Hibernation
   522 | D:2      | Reached XP level 3. HP: 19/21 MP: 6/6
   554 | D:2      | Found an oddly glowing altar of Pakellas.
   866 | D:2      | Reached skill level 5 in Stealth
   909 | D:2      | Reached XP level 4. HP: 27/27 MP: 2/7
  1223 | D:2      | Noticed Sigmund
  1232 | D:2      | Killed Sigmund
  1232 | D:2      | Reached skill level 6 in Stealth
  1232 | D:2      | Reached XP level 5. HP: 9/32 MP: 3/8
  1232 | D:2      | Reached XP level 6. HP: 10/37 MP: 3/9
  1590 | D:3      | Reached skill level 7 in Stealth
  1687 | D:3      | Reached skill level 1 in Fighting
  1943 | D:3      | Learned a level 3 spell: Confuse
  3000 | D:4      | Reached XP level 7. HP: 43/43 MP: 7/11
  3050 | D:5      | Entered Level 5 of the Dungeon
  3052 | D:5      | Reached skill level 8 in Stealth
  3339 | D:5      | Reached skill level 5 in Hexes
  3353 | D:5      | Found an iron altar of Okawaru.
  3591 | D:5      | Reached skill level 9 in Stealth
  3645 | D:5      | Reached XP level 8. HP: 48/48 MP: 6/12
  3987 | D:6      | Noticed Edmund
  3997 | D:6      | Killed Edmund
  4025 | D:6      | Reached skill level 10 in Stealth
  4243 | D:6      | Slain by a wight

Skill      XL: |  1  2  3  4  5  6  7  8 |
---------------+-------------------------+-----
Stealth        | 5 6 7 9 10 | 10.8
Hexes          | 4 5 |  5.6
Fighting       | 1 2 |  2.2
Dodging        | 3 |  3.7
Short Blades   | 2 |  2.2
Spellcasting   | 3 |  3.8
Ice Magic      | |  0.6

Action                   |  1- 3 |  4- 6 |  7- 9 || total
-------------------------+-------+-------+-------++-------
Melee: Dagger            |    75 |    86 |    87 ||   248
       Constrict         |    19 |    17 |    12 ||    48
       Tentacles         |     6 |    11 |    13 ||    30
 Cast: Ensorcelled Hiber |     6 |    32 |    14 ||    52
       Confuse           |       |     1 |     3 ||     4
  Use: Scroll            |     2 |     1 |     3 ||     6
       Potion            |       |     2 |       ||     2
 Stab: Sleeping          |    14 |    30 |    19 ||    63
       Confused          |       |       |     2 ||     2
  Eat: Chunk             |       |     9 |     4 ||    13
Armor: Skin              |    13 |     4 |     3 ||    20
Dodge: Dodged            |    50 |    37 |    54 ||   141
